 Dungeon Crawl Stone Soup version 0.25-a0-492-g44cc58d149 (webtiles) character file.

Game seed: 5346987988586808408, levelgen mode: deterministic

69 hittemvvvvvhard the Bolt Thrower (level 4, -1/33 HPs)
             Began as a Formicid Hunter on Feb 11, 2020.
             Slain by Sigmund
             ... wielding a cursed -2 scythe
              (5 damage)
             ... on level 2 of the Dungeon.
             The game lasted 00:05:21 (1826 turns).

hittemvvvvvhard the Bolt Thrower (Formicid Hunter)  Turns: 1826, Time: 00:05:22

Health: -1/33      AC:  8    Str: 16 (17) XL:     4   Next: 42%
Magic:  13/13      EV: 11    Int: 10 (11) God:
Gold:   117        SH:  0    Dex: 13 (16) Spells: 3/3 levels left

rFire    + . .     SeeInvis +   a - +1 hand crossbow
rCold    + . .     Gourm    .   (no shield)
rNeg     . . .     Faith    .   m - +0 chain mail
rPois    +         Spirit   .   (helmet unavailable)
rElec    +         Reflect  .   (no cloak)
rCorr    +         Harm     .   (no gloves)
MR       .....                  (no boots)
Stlth    ..........             (no amulet)
HPRegen  0.11/turn              i - ring of magical power {MP+9}
MPRegen  0.13/turn              (no ring)

@: confused, agile, resistant, drained
A: permanent stasis, dig shafts and tunnels, four strong arms, antennae 3
a: Dig, Shaft Self


You were on level 2 of the Dungeon.
You were not hungry.

You visited 1 branch of the dungeon, and saw 2 of its levels.

You collected 117 gold pieces.

Inventory:

Hand Weapons
 a - a +1 hand crossbow (weapon)
 b - a +0 short sword
Missiles
 c - 20 poisoned darts
 d - 21 sling bullets
 e - 11 bolts (quivered)
 g - 23 arrows
 Q - 41 stones
Armour
 m - a +0 chain mail (worn)
Jewellery
 i - a ring of magical power (left hand) {MP+9}
Scrolls
 n - a scroll of enchant armour {unknown}
Potions
 j - 2 potions of resistance
Comestibles
 f - 6 rations
 l - 3 chunks of flesh


   Skills:
 - Level 2.1(1.2) Fighting
 + Level 5.6(4.5) Crossbows
 - Level 1.7(0.7) Dodging
 - Level 1.2(0.2) Stealth


You had 3 spell levels left.
You didn't know any spells.
Your spell library was empty.

Dungeon Overview and Level Annotations

Branches:
Dungeon (2/15)

Altars:

Annotations:
D:2 Sigmund


Innate Abilities, Weirdness & Mutations

You cannot be hasted, slowed, berserked, paralysed or teleported.
You can dig through walls and to a lower floor.
Your four strong arms can wield two-handed weapons with a shield.
You have a pair of large antennae on your head. (SInv)


Message History

You shoot a bolt. The bolt hits Sigmund.
Sigmund hits you from afar with a cursed -2 scythe!
* * * LOW HITPOINT WARNING * * *
You take 9 damage, and have 9/33 hp.
MASSIVE DAMAGE!!
Okay, then.
It was a potion of resistance.
You feel protected.
Sigmund hits you from afar with a cursed -2 scythe.
* * * LOW HITPOINT WARNING * * *
You take 6 damage, and have 3/33 hp.
Sigmund gestures at you while chanting.
You are confused.
It was a potion of agility.
You feel agile all of a sudden.
It was a potion of degeneration.
There was something very wrong with that liquid.
You feel weakened.
You feel dopey.
You feel clumsy.
Sigmund hits you from afar with a cursed -2 scythe.
You die...

#......###########.
#......# #.......#.#
#......# #[......#..
####.### #..≈#≈..#..
##.#####..≈≈≈..#..
#......#..≈#≈..#..
.... #.
#..#####.......#..
.... #.
#..[...#.......#..
.....#.
#@#########'#####.
....(#.
#.#.........<.#.#.
..@....
#@#.########..#.#÷
....... #(#.# #÷.#.#.
.......###(#.# #..#.#.
..........(#.#
#####..#.#÷
######.#####.#
#..........
#.#####.####.###.####.
#...................#.

Skill      XL: |  1  2  3 |
---------------+----------+-----
Crossbows      | 5 |  5.6
Fighting       | |  2.1
Dodging        | |  1.7
Stealth        | |  1.2

Notes
Turn   | Place    | Note
-------+----------+-------------------------------------------
     0 | D:1      | hittemvvvvvhard the Formicid Hunter began the quest for the
                  | Orb.
     0 | D:1      | Reached XP level 1. HP: 16/16 MP: 1/1
   227 | D:1      | Reached XP level 2. HP: 21/22 MP: 2/2
  1344 | D:2      | Reached XP level 3. HP: 26/27 MP: 3/3
  1394 | D:2      | Reached skill level 5 in Crossbows
  1761 | D:2      | Reached XP level 4. HP: 33/33 MP: 4/4
  1800 | D:2      | Noticed Sigmund
  1823 | D:2      | HP: 3/33 [Sigmund/cursed -2 scythe (6)]
  1826 | D:2      | Slain by Sigmund

Table legend:
 A = Turns spent in this place as a percentage of turns spent in the entire game.
 B = Non-inter-level travel turns spent in this place as a percentage of non-inter-level travel turns spent in the entire game.
 C = Inter-level travel turns spent in this place as a percentage of turns spent in this place.
 D = Turns resting spent in this place as a percentage of non-inter-level travel turns spent in this place.
 E = Turns spent auto-exploring this place as a percentage of non-inter-level travel turns spent in this place.
 F = Non-inter-level travel turns spent in this place divided by the number of levels of this place that you've seen.
                   A       B       C       D       E      F
               +-------+-------+-------+-------+-------+----------------------
         Total | 100.0 | 100.0 |   5.1 |   0.0 |  83.5 | 866.0
       Dungeon | 100.0 | 100.0 |   5.1 |   0.0 |  83.5 | 866.0
               +-------+-------+-------+-------+-------+----------------------

Table legend:
 A = Kills in this place as a percentage of kills in entire the game.
 B = Kills by you in this place as a percentage of kills by you in the entire game.
 C = Kills by friends in this place as a percentage of kills by friends in the entire game.
 D = Other kills in this place as a percentage of other kills in the entire game.
 E = Experience gained in this place as a percentage of experience gained in the entire game.
 F = Experience gained in this place divided by the number of levels of this place that you have seen.
                   A       B       C       D       E      F
               +-------+-------+-------+-------+-------+----------------------
         Total | 100.0 | 100.0 |   N/A |   N/A | 100.0 |  49.5
       Dungeon | 100.0 | 100.0 |   N/A |   N/A | 100.0 |  49.5
               +-------+-------+-------+-------+-------+----------------------

Action                   |  1- 3 |  4- 6 || total
-------------------------+-------+-------++-------
Melee: Short sword       |    29 |       ||    29
 Fire: Hand crossbow     |    63 |    19 ||    82
Throw: Stone             |     2 |       ||     2
  Use: Potion            |       |     3 ||     3
  Eat: Chunk             |     3 |       ||     3
Armor: Leather armour    |    12 |       ||    12
       Chain mail        |    12 |    10 ||    22
Dodge: Dodged            |    29 |     7 ||    36

Vanquished Creatures
  3 adders (D:2)
  A worm (D:2)
  4 goblins
  4 hobgoblins
  7 jackals
  5 kobolds
  2 quokkas (D:2)
  3 bats
  2 frilled lizards (D:1)
  4 rats (D:2)
35 creatures vanquished. You could see Sigmund (invisible).

Levels and vault maps discovered:
D:1:      dpeg_arrival_round_c, layout_loops_ring, hex_tiny,
          serial_bayou_lagoon_a
D:2:      layout_basic, kennysheep_generic_room_11, uniq_sigmund
